 Dungeon Crawl Stone Soup version 0.30-a0-359-gd0147acb1a (webtiles) character file.

Game seed: 16143092406002352554

273 bande the Covered (level 6, 0/39 HPs)
             Began as a Gargoyle Fighter on Nov 12, 2022.
             Frozen to death by an endoplasm (5 damage)
             ... on level 3 of the Dungeon.
             The game lasted 00:02:55 (2118 turns).

bande the Covered (Gargoyle Fighter)                Turns: 2118, Time: 00:02:57

Health: 0/39       AC: 11    Str: 20    XL:     6   Next: 23%
Magic:  6/6        EV:  9    Int:  8    God:
Gold:   149        SH:  4    Dex: 11    Spells: 5/5 levels left

rFire   . . .      SeeInvis +    a - +0 war axe
rCold   . . .      Faith    .    c - +0 buckler
rNeg    + . .      Spirit   .    b - +0 scale mail
rPois   ∞          Reflect  .    (no helmet)
rElec   +          Harm     .    (no cloak)
rCorr   .          Rampage  .    (no gloves)
Will    .....                    (no boots)
Stlth   ..........               (no amulet)
HPRegen 0.26/turn                h - ring of flight
MPRegen 0.10/turn                (no ring)

@: flying
A: sickness immunity, AC +4, negative energy resistance 1, electricity
resistance, torment resistance 1, petrification resistance, talons 1, see
invisible, high MP 1
a: no special abilities


You were on level 3 of the Dungeon.
You visited 1 branch of the dungeon, and saw 3 of its levels.

You collected 149 gold pieces.

Inventory:

Hand Weapons
 a - a +0 war axe (weapon)
 k - a +0 flail
Missiles
 l - a throwing net (quivered)
Armour
 b - a +0 scale mail (worn)
 c - a +0 buckler (worn)
Jewellery
 h - a ring of flight (left hand)
 m - a ring of fire
 p - a ring of resist corrosion
 q - the ring of Ygoeni {rPois Dex+6 Stlth+}
   (You found it on level 3 of the Dungeon)

   [ring of dexterity]

   Dex:       It affects your dexterity (+6).
   rPois:     It protects you from poison.
   Stlth:     It makes you more stealthy.
Scrolls
 e - a scroll of blinking {unknown}
 g - a scroll of magic mapping {unknown}
 i - a scroll of teleportation {unknown}
Potions
 d - a potion of might
 j - a potion of curing {unknown}
 n - a potion of lignification {unknown}
 o - 2 potions of cancellation {unknown}


   Skills:
 + Level 4.5 Fighting
 + Level 3.7 Axes
 + Level 4.8 Armour
 + Level 4.0 Shields


You had 5 spell levels left.
You didn't know any spells.
Your spell library contained the following spells:

 Spells                   Type           Power      Damage    Failure   Level
 Blink                    Tloc           0%         N/A       93%         2
 Momentum Strike          Conj/Tloc      0%         3d8       93%         2
 Lesser Beckoning         Tloc           0%         N/A       99%         3


Dungeon Overview and Level Annotations

Branches:
Dungeon (3/15)

Altars:


Innate Abilities, Weirdness & Mutations

You are immune to sickness and miasma.
Your stone body is resilient. (AC +4)
You are immune to poison.
You resist negative energy. (rN+)
You are resistant to electric shocks. (rElec)
You are resistant to unholy torment.
You are immune to petrification.
You have sharp toenails.
You have supernaturally acute eyesight. (SInv)
You have an increased reservoir of magic. (+10% MP)


Message History

The orc priest shouts!
You hit the dart slug.
The dart slug is severely wounded.
You hit the orc priest. You hit the orc but do no damage.
You barely miss the orc priest. The orc barely misses you.
The dart slug launches a dart at you. The slug dart hits you.
* * * LOW HITPOINT WARNING * * *
The orc priest closely misses you. You block the orc priest's attack.
A ball python comes into view.
The ball python hisses angrily.
You hit the dart slug.
The dart slug is almost dead.
You hit the orc priest.
You kill the orc priest!
You hit the orc but do no damage. You barely miss the orc priest.
The orc hits you but does no damage. You block the orc priest's attack.
The dart slug launches a dart at you.
The slug dart hits you but does no damage.
The orc priest barely misses you.
The endoplasm hits you but does no damage.
The orc hits you but does no damage.
You slash the dart slug!
You kill the dart slug!
You hit the endoplasm but do no damage. You hit the orc.
You closely miss the orc priest.
The orc priest mumbles some strange prayers to Beogh against you.
You barely resist. The orc hits you but does no damage.
The orc priest barely misses you. The endoplasm freezes you.
You are frozen.
* * * LOW HITPOINT WARNING * * *
Unknown command.
It was a potion of mutation.
You feel extremely strange.
Your vision sharpens.
Your toenails lengthen and sharpen.
You feel more energetic. The orc barely misses you.
The orc priest barely misses you. The endoplasm freezes you.
You are frozen.
You die...

##. #. ...
....... ###..
..#....
#...###......#
#...#........#
#....S#......#
#.ooJ##......#
#..@o.........
#......##$.##...
####...##..# .
##...##..# ..
#..###...###...
#..#...........
#.#..##...##...
## ..#.###..## .
.##... #......#


You could see 2 orc priests, an orc, an endoplasm and a ball python.

Vanquished Creatures
  A phantom (D:3)
  2 orc priests (D:3)
  7 gnolls
  3 adders
  2 worms
  2 dart slugs
  4 orcs (D:3)
  A bat (D:1)
  An endoplasm (D:1)
  A giant cockroach (D:1)
  A hobgoblin (D:2)
  3 jackals (D:1)
  2 quokkas (D:1)
  3 ball pythons
  A frilled lizard (D:1)
  3 goblins
  A kobold (D:2)
  2 rats
40 creatures vanquished.

Vanquished Creatures (others)
  4 toadstools (D:1)
4 creatures vanquished.

Grand Total: 44 creatures vanquished

Notes
Turn   | Place    | Note
-------+----------+-------------------------------------------
     0 | D:1      | bande the Gargoyle Fighter began the quest for the Orb.
     0 | D:1      | Reached XP level 1. HP: 14/14 MP: 1/1
   252 | D:1      | Reached XP level 2. HP: 14/19 MP: 2/2
   981 | D:1      | Reached XP level 3. HP: 19/24 MP: 3/3
  1015 | D:1      | Reached XP level 4. HP: 16/29 MP: 4/4
  1211 | D:2      | HP: 1/29 [gnoll/+0 spear (3)]
  1756 | D:2      | Reached XP level 5. HP: 32/33 MP: 5/5
  2069 | D:3      | Noticed a phantom
  2075 | D:3      | Killed a phantom
  2091 | D:3      | Identified the ring of Ygoeni {rPois Dex+6 Stlth+}
  2112 | D:3      | Reached XP level 6. HP: 14/39 MP: 6/6
  2118 | D:3      | Gained mutation: You have supernaturally acute eyesight.
                  | (SInv) [potion of mutation]
  2118 | D:3      | Gained mutation: You have sharp toenails. [potion of
                  | mutation]
  2118 | D:3      | Gained mutation: You have an increased reservoir of magic.
                  | (+10% MP) [potion of mutation]
  2118 | D:3      | Frozen to death by an endoplasm

Illustrated notes

Levels and vault maps discovered:
D:1:      ldierk_walled_garden_2, layout_loops_corners, serial_glass,
          glass_columns_b, glass_columns_b, chequers_serial_rivers_small_a,
          st_stairs_4
D:2:      layout_loops_ring
D:3:      layout_rooms, lemuel_doored_altar

Skill      XL: |  1  2  3  4  5 |
---------------+----------------+-----
Axes           | 2 3 |  3.7
Fighting       | 4 |  4.5
Armour         | 4 |  4.8
Shields        | 4 |  4.0

Action                   |  1- 3 |  4- 6 || total
-------------------------+-------+-------++-------
Melee: War axe           |    54 |    73 ||   127
  Use: Potion            |       |     2 ||     2
Armor: Scale mail        |    24 |    50 ||    74
Dodge: Dodged            |    42 |    50 ||    92
Block: Buckler           |    15 |    18 ||    33

Table legend: (Time is in decaauts)
 A = Elapsed time spent in this place.
 B = Non-inter-level travel time spent in this place.
 C = Inter-level travel time spent in this place.
 D = Time resting spent in this place.
 E = Time spent auto-exploring this place.
 F = Levels seen in this place.
 G = Mean time per level.
                   A        B        C        D        E       F      G
               +--------+--------+--------+--------+--------+-----+--------+
         Total |   2159 |   2115 |     44 |    308 |   1401 |   3 |  719.7 |
       Dungeon |   2159 |   2115 |     44 |    308 |   1401 |   3 |  719.7 |
               +--------+--------+--------+--------+--------+-----+--------+

Top non-repeatable levels by time:
     D:1: 1343 daAuts
     D:2: 758 daAuts
     D:3: 57 daAuts
